SAA
ATHLETIC CLUB KC ACADEMY @ SAN ANTONIO BC
07/27/2030
 
TOP OF THE 1ST
Athletic Club KC Academy batting - Pitching for San Antonio BC : RHP Pete Venegas
Pitching: RHP Pete Venegas
Batting: LHB Takayuki Yoshikawa 0-0: Ball
1-0: Ball
2-0: Ball
3-0: Called Strike
3-1: Foul Ball, location: 2F
3-2: Ground out 5-3 (Groundball, 5)
Batting: LHB Chi-hun Chong 0-0: Ball
1-0: Ball
2-0: Called Strike
2-1: Swinging Strike
2-2: Fly out, F8 (Flyball, 8RD)
Batting: RHB Colin Bottone 0-0: Called Strike
0-1: Foul Ball, location: 2F
0-2: Strikes out swinging
Top of the 1st over - 0 runs, 0 hits, 0 errors, 0 left on base; Athletic Club KC Academy 0 - San Antonio 0
BOTTOM OF THE 1ST
San Antonio BC batting - Pitching for Athletic Club KC Academy : RHP Byron Rosebotham
Pitching: RHP Byron Rosebotham
Batting: RHB Louis Litt 0-0: Ball
1-0: Ball
2-0: Called Strike
2-1: Swinging Strike
2-2: Ball
3-2: Ground out 5-3 (Groundball, 56)
Batting: RHB Orlando Montejo 0-0: Ball
1-0: Foul Ball, location: 2F
1-1: Foul Ball, location: 2F
1-2: Ground out 4-3 (Groundball, 4)
Batting: RHB Mike Howard 0-0: Ball
1-0: SINGLE (Line Drive, 7S)
Batting: RHB Abraham Phelps 0-0: Ball
1-0: Fly out, F3 (Popup, 3SF)
Bottom of the 1st over - 0 runs, 1 hit, 0 errors, 1 left on base; Athletic Club KC Academy 0 - San Antonio 0
TOP OF THE 2ND
Athletic Club KC Academy batting - Pitching for San Antonio BC : RHP Pete Venegas
Batting: LHB Ramón Morterero 0-0: Swinging Strike
0-1: Foul Ball, location: 2F
0-2: Ball
1-2: Ball
2-2: Ball
3-2: Fly out, F8 (Flyball, 8RS)
Batting: RHB Roger Caffyn 0-0: Swinging Strike
0-1: DOUBLE (Line Drive, 7LM)
Batting: RHB Tae-kyun Chon 0-0: Foul Ball, location: 2F
0-1: Foul Ball, location: 2F
0-2: Fly out, F8 (Flyball, 8LM)
Batting: RHB Dewey Nauss 0-0: Foul Ball, location: 2F
0-1: Swinging Strike
0-2: Foul Ball, location: 2F
0-2: Strikes out looking
Top of the 2nd over - 0 runs, 1 hit, 0 errors, 1 left on base; Athletic Club KC Academy 0 - San Antonio 0
BOTTOM OF THE 2ND
San Antonio BC batting - Pitching for Athletic Club KC Academy : RHP Byron Rosebotham
Batting: SHB Scotty Vallee 0-0: Ball
1-0: Ball
2-0: Ball
3-0: Called Strike
3-1: Ground out 4-3 (Groundball, 4)
Batting: RHB Alba Hidalgo de Jesus 0-0: Ball
1-0: Foul Ball, location: 2F
1-1: Swinging Strike
1-2: Foul Ball, location: 2F
1-2: Strikes out looking
Batting: RHB Rafael López 0-0: Called Strike
0-1: Ground out 2-3 (Groundball, 15S)
Bottom of the 2nd over - 0 runs, 0 hits, 0 errors, 0 left on base; Athletic Club KC Academy 0 - San Antonio 0
TOP OF THE 3RD
Athletic Club KC Academy batting - Pitching for San Antonio BC : RHP Pete Venegas
Batting: RHB Tasuku Goto 0-0: Ground out 6-3 (Groundball, 6)
Batting: RHB Troy Whitehurst 0-0: Ball
1-0: Foul Ball, location: 2F
1-1: Ball
2-1: Ball
3-1: Called Strike
3-2: SOLO HOME RUN (Flyball, 7D), Distance : 399 ft
Batting: LHB Takayuki Yoshikawa 0-0: Ball
1-0: Ball
2-0: Ball
3-0: Called Strike
3-1: Ground out 4-3 (Groundball, 4)
Batting: LHB Chi-hun Chong 0-0: Ball
1-0: Ball
2-0: Swinging Strike
2-1: Foul Ball, location: 2F
2-2: Foul Ball, location: 2F
2-2: Fly out, F8 (Flyball, 8RS)
Top of the 3rd over - 1 run, 1 hit, 0 errors, 0 left on base; Athletic Club KC Academy 1 - San Antonio 0
BOTTOM OF THE 3RD
San Antonio BC batting - Pitching for Athletic Club KC Academy : RHP Byron Rosebotham
Batting: LHB Raúl Trevino 0-0: Swinging Strike
0-1: Ball
1-1: Foul Ball, location: 2F
1-2: Foul Ball, location: 2F
1-2: Foul Ball, location: 2F
1-2: Ground out 6-3 (Groundball, 6)
Batting: RHB Ben Hampton 0-0: Swinging Strike
0-1: Called Strike
0-2: Foul Ball, location: 2F
0-2: Strikes out swinging
Batting: RHB Louis Litt 0-0: Called Strike
0-1: Ball
1-1: Foul Ball, location: 2F
1-2: Ball
2-2: Ball
3-2: Base on Balls
Batting: RHB Orlando Montejo 0-0: SINGLE (Groundball, 6MD)
Louis Litt to second
Batting: RHB Mike Howard 0-0: Ball
1-0: Foul Ball, location: 2F
1-1: Ball
2-1: Ball
3-1: Foul Ball, location: 2F
3-2: Base on Balls
Louis Litt to third
Orlando Montejo to second
Batting: RHB Abraham Phelps 0-0: Called Strike
0-1: Swinging Strike
0-2: Ball
1-2: Strikes out swinging
Bottom of the 3rd over - 0 runs, 1 hit, 0 errors, 3 left on base; Athletic Club KC Academy 1 - San Antonio 0
TOP OF THE 4TH
Athletic Club KC Academy batting - Pitching for San Antonio BC : RHP Pete Venegas
Batting: RHB Colin Bottone 0-0: Foul Ball, location: 2F
0-1: Called Strike
0-2: Strikes out swinging
Batting: LHB Ramón Morterero 0-0: Ball
1-0: Swinging Strike
1-1: SINGLE (Line Drive, 34)
Batting: RHB Roger Caffyn 0-0: Called Strike
0-1: Ball
1-1: Ball
2-1: Ball
3-1: Called Strike
3-2: Strikes out swinging
Batting: RHB Tae-kyun Chon 0-0: Ball
1-0: Ball
2-0: SINGLE (Line Drive, 56)
Ramón Morterero to second
Batting: RHB Dewey Nauss 0-0: Ball
1-0: Fly out, F7 (Flyball, 7S)
Top of the 4th over - 0 runs, 2 hits, 0 errors, 2 left on base; Athletic Club KC Academy 1 - San Antonio 0
BOTTOM OF THE 4TH
San Antonio BC batting - Pitching for Athletic Club KC Academy : RHP Byron Rosebotham
Batting: SHB Scotty Vallee 0-0: Fly out, F8 (Flyball, 78D)
Batting: RHB Alba Hidalgo de Jesus 0-0: Ball
1-0: Ball
2-0: Ground out 5-3 (Groundball, 56)
Batting: RHB Rafael López 0-0: Ball
1-0: Ball
2-0: Ball
3-0: Called Strike
3-1: Foul Ball, location: 2F
3-2: Fly out, F8 (Flyball, 89D)
Bottom of the 4th over - 0 runs, 0 hits, 0 errors, 0 left on base; Athletic Club KC Academy 1 - San Antonio 0
TOP OF THE 5TH
Athletic Club KC Academy batting - Pitching for San Antonio BC : RHP Pete Venegas
Batting: RHB Tasuku Goto 0-0: Ball
1-0: Ground out 6-3 (Groundball, 6)
Batting: RHB Troy Whitehurst 0-0: Foul Ball, location: 2F
0-1: Swinging Strike
0-2: Ground out 6-3 (Groundball, 6M)
Batting: LHB Takayuki Yoshikawa 0-0: Swinging Strike
0-1: Ball
1-1: Called Strike
1-2: SINGLE (Line Drive, 7S)
Batting: LHB Chi-hun Chong 0-0: Called Strike
0-1: Ball
1-1: Ball
Takayuki Yoshikawa is caught stealing 2nd base
Top of the 5th over - 0 runs, 1 hit, 0 errors, 0 left on base; Athletic Club KC Academy 1 - San Antonio 0
BOTTOM OF THE 5TH
San Antonio BC batting - Pitching for Athletic Club KC Academy : RHP Byron Rosebotham
Batting: LHB Raúl Trevino 0-0: SINGLE (Groundball, 34D)
Batting: RHB Ben Hampton 0-0: Called Strike
0-1: Bunted foul
0-2: Foul Ball, location: 2F
0-2: Ball
1-2: Fly out, F8 (Flyball, 8LD)
Batting: RHB Louis Litt 0-0: Ball
1-0: Ball
2-0: Ball
3-0: Called Strike
3-1: Called Strike
3-2: Fly out, F9 (Flyball, 9)
Batting: RHB Orlando Montejo 0-0: Ball
1-0: Foul Ball, location: 2F
1-1: Ball
2-1: Ball
3-1: Foul Ball, location: 2F
3-2: Ground out 6-3 (Groundball, 6)
Bottom of the 5th over - 0 runs, 1 hit, 0 errors, 1 left on base; Athletic Club KC Academy 1 - San Antonio 0
TOP OF THE 6TH
Athletic Club KC Academy batting - Pitching for San Antonio BC : RHP Pete Venegas
Batting: LHB Chi-hun Chong 0-0: Ball
1-0: Foul Ball, location: 2F
1-1: Fly out, F9 (Flyball, 89S)
Batting: RHB Colin Bottone 0-0: Ball
1-0: Fly out, F7 (Flyball, 7S)
Batting: LHB Ramón Morterero 0-0: Called Strike
0-1: Ball
1-1: Foul Ball, location: 2F
1-2: Ball
2-2: Foul Ball, location: 2F
2-2: Foul Ball, location: 2F
2-2: Fly out, F6 (Line Drive, 6)
Top of the 6th over - 0 runs, 0 hits, 0 errors, 0 left on base; Athletic Club KC Academy 1 - San Antonio 0
BOTTOM OF THE 6TH
San Antonio BC batting - Pitching for Athletic Club KC Academy : RHP Byron Rosebotham
Batting: RHB Mike Howard 0-0: Ball
1-0: Ball
2-0: Ground out 6-3 (Groundball, 6)
Batting: RHB Abraham Phelps 0-0: Called Strike
0-1: Ball
1-1: Called Strike
1-2: Fly out, F7 (Flyball, 7S)
Batting: SHB Scotty Vallee 0-0: Called Strike
0-1: Ball
1-1: Ball
2-1: Ball
3-1: Called Strike
3-2: Foul Ball, location: 2F
3-2: SINGLE (Groundball, 34D)
Pitching: RHP Adam Oldenkamp
Batting: RHB Alba Hidalgo de Jesus 0-0: Called Strike
0-1: Swinging Strike
0-2: Ball
1-2: Foul Ball, location: 2F
1-2: Foul Ball, location: 2F
1-2: Foul Ball, location: 2F
1-2: Ground out 4-3 (Groundball, 34)
Bottom of the 6th over - 0 runs, 1 hit, 0 errors, 1 left on base; Athletic Club KC Academy 1 - San Antonio 0
TOP OF THE 7TH
Athletic Club KC Academy batting - Pitching for San Antonio BC : RHP Pete Venegas
Batting: RHB Roger Caffyn 0-0: Called Strike
0-1: SINGLE (Groundball, 6MD)
Batting: RHB Tae-kyun Chon 0-0: Sac Bunt - play at first, batter OUT! 2-4
Roger Caffyn to second
Batting: RHB Dewey Nauss 0-0: Intentional Walk
Pinch Hitting: LHB Kwang-chih Feng 0-0: Foul Ball, location: 2F
0-1: Ball
1-1: Ball
2-1: SINGLE (Line Drive, 78S)
Roger Caffyn to third
Dewey Nauss to second
Pinch Hitting: LHB Michael Woodard 0-0: Ball
1-0: Foul Ball, location: 2F
1-1: Ball
2-1: SINGLE (Line Drive, 8LS)
Roger Caffyn scores
Dewey Nauss to third
Kwang-chih Feng to second
Batting: LHB Takayuki Yoshikawa 0-0: Foul Ball, location: 2F
0-1: Ball
1-1: Grounds into fielders choice 1-2 (Groundball, P)
Kwang-chih Feng to third
Michael Woodard to second
Batting: LHB Chi-hun Chong 0-0: Ball
1-0: Ball
2-0: Called Strike
2-1: Foul Ball, location: 2F
2-2: SINGLE (Groundball, 56D)
Kwang-chih Feng scores
Michael Woodard to third
Takayuki Yoshikawa to second
Runner from 3rd tries for Home, SAFE, throw made at trailing runner, OUT at third!
Top of the 7th over - 3 runs, 4 hits, 0 errors, 1 left on base; Athletic Club KC Academy 4 - San Antonio 0
BOTTOM OF THE 7TH
San Antonio BC batting - Pitching for Athletic Club KC Academy : RHP Adam Oldenkamp
Now at 3B: Kwang-chih Feng
Now in RF: Arturo Annunziato
Batting: RHB Rafael López 0-0: Ground out U3 (Groundball, 34S)
Batting: LHB Raúl Trevino 0-0: Foul Ball, location: 2F
0-1: Ground out 3-1 (Groundball, 34S)
Batting: RHB Ben Hampton 0-0: Ball
1-0: Called Strike
1-1: Foul Ball, location: 2F
1-2: SOLO HOME RUN (Flyball, 9LD), Distance : 345 ft
Batting: RHB Louis Litt 0-0: Swinging Strike
0-1: Foul Ball, location: 2F
0-2: Foul Ball, location: 2F
0-2: Foul Ball, location: 2F
0-2: Foul Ball, location: 2F
0-2: Strikes out looking
Bottom of the 7th over - 1 run, 1 hit, 0 errors, 0 left on base; Athletic Club KC Academy 4 - San Antonio 1
TOP OF THE 8TH
Athletic Club KC Academy batting - Pitching for San Antonio BC : RHP Pete Venegas
Batting: RHB Colin Bottone 0-0: Called Strike
0-1: Ground out U3 (Groundball, 34S)
Batting: LHB Ramón Morterero 0-0: Ball
1-0: DOUBLE (Line Drive, 78D)
Batting: RHB Roger Caffyn 0-0: Intentional Walk
Batting: RHB Tae-kyun Chon 0-0: Ball
1-0: Foul Ball, location: 2F
1-1: SINGLE (Groundball, 6MD)
Ramón Morterero to third
Roger Caffyn to second
Batting: RHB Dewey Nauss 0-0: Ball
1-0: Grounds into fielders choice 5-2 (Groundball, 56)
Roger Caffyn to third
Tae-kyun Chon to second
Batting: LHB Kwang-chih Feng 0-0: Called Strike
0-1: Swinging Strike
0-2: Ball
1-2: Ball
2-2: Ball
3-2: Ground out 4-3 (Groundball, 4M)
Top of the 8th over - 0 runs, 2 hits, 0 errors, 3 left on base; Athletic Club KC Academy 4 - San Antonio 1
BOTTOM OF THE 8TH
San Antonio BC batting - Pitching for Athletic Club KC Academy : RHP Adam Oldenkamp
Now at 2B: Roberto Romero
Batting: RHB Orlando Montejo 0-0: Called Strike
0-1: Ball
1-1: Swinging Strike
1-2: Ball
2-2: Fly out, F6 (Line Drive, 56D)
Batting: RHB Mike Howard 0-0: Ground out 6-3 (Groundball, 6)
Batting: RHB Abraham Phelps 0-0: Ball
1-0: Ball
2-0: Ball
3-0: Base on Balls
Batting: SHB Scotty Vallee 0-0: Called Strike
0-1: Ball
1-1: Ball
2-1: Fly out, F8 (Line Drive, 8LD)
Bottom of the 8th over - 0 runs, 0 hits, 0 errors, 1 left on base; Athletic Club KC Academy 4 - San Antonio 1
TOP OF THE 9TH
Athletic Club KC Academy batting - Pitching for San Antonio BC : RHP Pete Venegas
Pitching: RHP Evan Roy
Batting: RHB Arturo Annunziato 0-0: Swinging Strike
0-1: Swinging Strike
0-2: Ball
1-2: Ball
2-2: Fly out, F9 (Flyball, 89D)
Batting: LHB Takayuki Yoshikawa 0-0: Ball
1-0: Ball
2-0: Called Strike
2-1: Ground out 6-3 (Groundball, 6)
Batting: LHB Chi-hun Chong 0-0: Ball
1-0: Ball
2-0: Ball
3-0: Called Strike
3-1: Base on Balls
Batting: RHB Roberto Romero 0-0: Ball
1-0: Called Strike
1-1: Ball
2-1: Ball
3-1: Base on Balls
Chi-hun Chong to second
Batting: LHB Ramón Morterero 0-0: SINGLE (Line Drive, 8RS)
Chi-hun Chong to third
Roberto Romero to second
Runner from 3rd tries for Home, SAFE, throw made home
Batting: RHB Roger Caffyn 0-0: Ball
1-0: Swinging Strike
1-1: 3-RUN HOME RUN (Flyball, 78XD) (Inside the Park)
Batting: RHB Tae-kyun Chon 0-0: Called Strike
0-1: SINGLE (Groundball, 4MD)
Batting: RHB Dewey Nauss 0-0: Called Strike
0-1: Foul Ball, location: 2F
0-2: Ball
1-2: Fly out, F8 (Flyball, 8LM)
Top of the 9th over - 4 runs, 3 hits, 0 errors, 1 left on base; Athletic Club KC Academy 8 - San Antonio 1
BOTTOM OF THE 9TH
San Antonio BC batting - Pitching for Athletic Club KC Academy : RHP Adam Oldenkamp
Batting: RHB Alba Hidalgo de Jesus 0-0: Called Strike
0-1: DOUBLE (Line Drive, 8LXD)
Batting: RHB Rafael López 0-0: Ground out 6-3 (Groundball, 6M)
Alba Hidalgo de Jesus to third
Batting: LHB Raúl Trevino 0-0: Ball
1-0: Called Strike
1-1: Foul Ball, location: 2F
1-2: Fly out, F7 (Flyball, 7D)
Runner from 3rd tags up, SCORES, no throw
Batting: RHB Ben Hampton 0-0: Foul Ball, location: 2F
0-1: Swinging Strike
0-2: Ball
1-2: Strikes out swinging
Bottom of the 9th over - 1 run, 1 hit, 0 errors, 0 left on base; Athletic Club KC Academy 8 - San Antonio 2
Sunday, March 18th, 2018 - OOTP Baseball 18.8 Build 76